 Dungeon Crawl Stone Soup version 0.28-a0-1182-g381e24db82 (webtiles) character file.

Game seed: 1913970650212616685

66 coolguy420 the Conjurer (level 3, -26/19 HPs)
             Began as a Deep Elf Conjurer on Dec 16, 2021.
             Was a Plaything of Xom.
             Engulfed by a cloud of flame (28 damage)
             ... on level 2 of the Dungeon.
             The game lasted 00:03:42 (2519 turns).

coolguy420 the Conjurer (Deep Elf Conjurer)         Turns: 2519, Time: 00:03:42

Health: -26/19     AC:  2    Str:  4      XL:     3   Next: 96%
Magic:  0/10       EV: 12    Int: 24      God:    Xom [.....*]
Gold:   20         SH:  0    Dex:  8 (13) Spells: 6/9 levels left

rFire   . . .      SeeInvis .   (no weapon)
rCold   . . .      Faith    .   (no shield)
rNeg    . . .      Spirit   +   a - +0 robe
rPois   .          Reflect  .   (no helmet)
rElec   .          Harm     .   (no cloak)
rCorr   .          Rampage  .   (no gloves)
Will    .....                   (no boots)
Stlth   ++........              d - amulet of guardian spirit
HPRegen 0.06/turn               (no ring)
MPRegen 0.12/turn               (no ring)

@: no status effects
A: no striking features
a: Renounce Religion


You were on level 2 of the Dungeon.
You worshipped Xom.
You were Xom's teddy bear.
You visited 1 branch of the dungeon, and saw 2 of its levels.

You collected 20 gold pieces.

Inventory:

Armour
 a - a +0 robe (worn)
Magical Staves
 e - a staff of cold
Jewellery
 d - an amulet of guardian spirit (around neck)
Potions
 f - a potion of degeneration {unknown}
 g - 2 potions of curing {unknown}
 h - a potion of resistance {unknown}


   Skills:
 + Level 2.6 Dodging
 + Level 2.9 Stealth
 + Level 3.7 Spellcasting
 + Level 5.5 Conjurations


You had 6 spell levels left.
You knew the following spells:

 Your Spells              Type           Power      Damage    Failure   Level
a - Magic Dart            Conj           100%       1d8       1%          1
b - Searing Ray           Conj           62%        2d6       1%          2

Your spell library contained the following spells:

 Spells                   Type           Power      Damage    Failure   Level
 Dazzling Flash           Conj/Hex       34%        N/A       10%         3
 Blink                    Tloc           8%         N/A       16%         2
 Corpse Rot               Necr/Air       8%         N/A       16%         2
 Poisonous Vapours        Pois/Air       8%         N/A       16%         2
 Lesser Beckoning         Tloc           4%         N/A       30%         3
 Fulminant Prism          Conj/Hex       8%         3d7       32%         4
 Iskenderun's Mystic Bla  Conj/Tloc      17%        2d5       32%         4
 Manifold Assault         Tloc           4%         N/A       95%         5


Dungeon Overview and Level Annotations

Branches:
Dungeon (2/15)

Altars:
Xom


Message History

Aiming: Searing Ray (safe; 1% risk of failure)
Press: ? - help, Shift-Dir - straight line, f/p - quasit
Aim: a quasit (summoned, 61% to hit)
The searing ray hits the quasit.
The quasit is heavily wounded. (Press . to maintain the ray.)
The searing ray hits the quasit but does no damage.
The quasit is heavily wounded.
The quasit barely misses you. The quasit claws you.
The quasit barely misses you.
The quasit bites you but does no damage.
The quasit claws you but does no damage.
The quasit closely misses you.
The searing ray hits the quasit!
You kill the quasit!
The quasit disappears in a puff of smoke!
You start resting. "Just a minor improvement..."
You start resting.
Your butterfly disappears in a puff of smoke! x4
Magic restored.
You start resting.
HP restored.
The magic dart hits the rat but does no damage.
A rat is nearby!
The magic dart hits the rat.
You kill the rat!
Magic restored.
You see here a +0 ring mail.
Found 3 large rocks.
Really walk into a travel-excluded area? [Y]es or [N]o only, please.
Really walk into a travel-excluded area?
You are engulfed in blazing flames.
Ouch! That really hurt!
* * * LOW HITPOINT WARNING * * *
You are engulfed in blazing flames.
Ouch! That really hurt!
You die...
Xom titters!

########## ##.## ##... #........#
#.## ##.# #...#####.# #.# #.#
#○§§# #.###.## ##.# #§§§#
#......## ##.## #§§$#
###.###.###.## ##...#######.#
##....## §.....☼§☼.##.## ##.##.##
§.(...§@§.....# #.###..
...[..§○§.....# #.# ##.
##...######...# #.# #. #§§.#
########.# #. #§°§# #........# #.
####### #§☼§# ##.######## #.
......#####...#####...##########.
######.#...#####.................
..# #...#.......##...##########.


There were no monsters in sight!

Vanquished Creatures
  3 adders (D:2)
  5 endoplasms
  2 giant cockroaches (D:2)
  2 hobgoblins
  5 quokkas
  6 ball pythons
  3 bats
  6 frilled lizards
  2 goblins
  3 kobolds
  3 rats (D:2)
40 creatures vanquished.

Vanquished Creatures (others)
  A ball python (D:2)
1 creature vanquished.

Grand Total: 41 creatures vanquished

Notes
Turn   | Place    | Note
-------+----------+-------------------------------------------
     0 | D:1      | coolguy420 the Deep Elf Conjurer began the quest for the
                  | Orb.
     0 | D:1      | Reached XP level 1. HP: 10/10 MP: 6/6
   364 | D:1      | Reached XP level 2. HP: 15/15 MP: 6/8
   393 | D:1      | Found a faded altar of an unknown god.
   409 | D:1      | Prayed at the altar of an unknown god.
   409 | D:1      | Became a worshipper of Xom of Chaos
   461 | D:1      | XOM: silly message
   702 | D:1      | XOM: divination: detect creatures
   782 | D:1      | Reached skill level 5 in Conjurations
   850 | D:1      | XOM: cloud trail
  1370 | D:2      | Reached XP level 3. HP: 18/19 MP: 3/9
  1373 | D:2      | Learned a level 2 spell: Searing Ray
  1390 | D:2      | XOM: 7-stop teleportation journey
  1589 | D:2      | XOM: 1-stop teleportation journey
  1774 | D:2      | XOM: 7-stop teleportation journey
  1920 | D:2      | XOM: 5-stop teleportation journey
  2137 | D:2      | XOM: summons 2 hostile demons
  2181 | D:2      | XOM: scenery: summon butterflies
  2519 | D:2      | Engulfed by a cloud of flame

Illustrated notes

Levels and vault maps discovered:
D:1:      kennysheep_arrival_seaside, layout_basic, basic_ecumenical_altar,
          minmay_pentomino_t2
D:2:      layout_loops_ring, lemuel_flame_loot_1

Skill      XL: |  1  2 |
---------------+-------+-----
Conjurations   | 5 |  5.5
Dodging        | |  2.6
Stealth        | |  2.9
Spellcasting   | |  3.7

Action                   || total
-------------------------++-------
 Cast: Magic Dart        ||    75
       Searing Ray       ||     2
  Use: Scroll            ||     2
Armor: Robe              ||    11
Dodge: Dodged            ||    16

Table legend: (Time is in decaauts)
 A = Elapsed time spent in this place.
 B = Non-inter-level travel time spent in this place.
 C = Inter-level travel time spent in this place.
 D = Time resting spent in this place.
 E = Time spent auto-exploring this place.
 F = Levels seen in this place.
 G = Mean time per level.
                   A        B        C        D        E       F      G
               +--------+--------+--------+--------+--------+-----+--------+
         Total |   2520 |   2457 |     63 |    229 |   2033 |   2 | 1260.0 |
       Dungeon |   2520 |   2457 |     63 |    229 |   2033 |   2 | 1260.0 |
               +--------+--------+--------+--------+--------+-----+--------+

Top non-repeatable levels by time:
     D:2: 1359 daAuts
     D:1: 1160 daAuts
